 Dungeon Crawl Stone Soup version 0.21.1-1-g345015fe64 (webtiles) character file.

448 Gargoyl the Skirmisher (level 6, 0/52 HPs)
             Began as a Centaur Abyssal Knight on July 2, 2018.
             Was a Priest of Lugonu.
             Slain by makkenr95's ghost (8 damage)
             ... on level 4 of the Dungeon.
             The game lasted 00:07:19 (4272 turns).

Gargoyl the Skirmisher (Centaur Abyssal Knight)     Turns: 4272, Time: 00:07:20

Health: 0/52       AC:  9    Str: 15    XL:     6   Next: 73%
Magic:  8/8        EV:  8    Int: 11    God:    Lugonu [***...]
Gold:   100        SH:  0    Dex: 10    Spells: 5/5 levels left

rFire    . . .     SeeInvis .   k - +1 broad axe
rCold    . . .     Gourm    .   (no shield)
rNeg     . . .     Faith    .   d - +0 ring mail
rPois    .         Spirit   .   h - +0 helmet
rElec    .         Reflect  .   f - +0 cloak
rCorr    .         Harm     .   e - +0 pair of gloves
MR       .....                  (no barding)
Stlth    ..........             (no amulet)
HPRegen  0.17/turn              (no ring)
MPRegen  0.11/turn              (no ring)

@: very quick
A: large, hooves 3, deformed body, speed 2, tough skin 3
a: Depart the Abyss, Bend Space, Banish, Renounce Religion


You were on level 4 of the Dungeon.
You worshipped Lugonu.
Lugonu was most pleased with you.
You were hungry.

You visited 1 branch of the dungeon, and saw 4 of its levels.
You visited the Abyss 1 time.

You collected 100 gold pieces.

Inventory:

Hand Weapons
 a - a +1 hand axe
 k - a +1 broad axe (weapon)
Armour
 d - a +0 ring mail (worn)
 e - a +0 pair of gloves (worn)
 f - a +0 cloak (worn)
 h - a +0 helmet (worn)
Scrolls
 b - 2 scrolls of remove curse
Potions
 g - a potion of heal wounds
 n - a potion of degeneration {unknown}
 o - a potion of resistance {unknown}
Comestibles
 c - 7 rations


   Skills:
 + Level 4.1 Fighting
 + Level 4.0 Axes
 * Level 3.2 Armour
 + Level 1.3 Dodging
 * Level 3.3 Invocations


You had 5 spell levels left.
You didn't know any spells.

Dungeon Overview and Level Annotations

Branches:
Dungeon (4/15)
 Temple: D:4-7

Altars:
Dithmenos
Elyvilon
Fedhas
Gozag
Nemelex Xobeh
Ru

Shops:
D:4 }

Annotations:
D:4 makkenr95's ghost, amateur MiFi


Innate Abilities, Weirdness & Mutations

You have hooves in place of feet.
Armour fits poorly on your strangely shaped body.
You cover ground very quickly.
You have extremely tough skin. (AC +3)


Message History

Makkenr95's ghost hits you but does no damage.
You hit makkenr95's ghost. You kick makkenr95's ghost.
Makkenr95's ghost is heavily damaged.
Makkenr95's ghost whispers, "Death doesn't hurt.
What you feel is life."
Makkenr95's ghost hits you but does no damage.
Makkenr95's ghost hits you!
You closely miss makkenr95's ghost. Your kick misses makkenr95's ghost.
Makkenr95's ghost is heavily damaged.
Makkenr95's ghost whispers, "The ORB doesn't exist."
Makkenr95's ghost hits you!
* * * LOW HITPOINT WARNING * * *
You slash makkenr95's ghost!
Makkenr95's ghost is almost destroyed.
Makkenr95's ghost barely misses you.
You hit makkenr95's ghost.
Makkenr95's ghost is almost destroyed.
Makkenr95's ghost hits you.
* * * LOW HITPOINT WARNING * * *
Makkenr95's ghost hits you!
You die...

..## ....
..... .....
......
#...#### #
#..∩.##.#
####.....#
#.@W..####
#######.###.#
#.......#
#†#######
...#######
#....!...
##.#...W.
.......
##..... $....
....


You could see makkenr95's ghost.

Vanquished Creatures
  The ghost of Plasmo the Firebug, an amateur OpFE (D:3)
  An orc priest (D:3)
  An orc wizard (D:3)
  Crazy Yiuf (D:3)
  A worker ant (D:4)
  11 gnolls
  An adder (D:3)
  5 worms
  2 dart slugs (D:1)
  3 leopard geckos
  5 orcs (D:3)
  8 bats
  5 giant cockroaches
  7 goblins
  12 hobgoblins
  3 jackals (D:2)
  9 kobolds
  10 frilled lizards
  11 rats
97 creatures vanquished.

Notes
Turn   | Place    | Note
-------+----------+-------------------------------------------
     0 | Abyss:1  | Gargoyl the Centaur Abyssal Knight began the quest for the Orb.
     0 | Abyss:1  | Reached XP level 1. HP: 19/19 MP: 2/2
    56 | Abyss:1  | Noticed a ynoxinul
   125 | Abyss:2  | Noticed a rakshasa
   142 | D:1      | Escaped the Abyss
   377 | D:1      | Reached XP level 2. HP: 23/26 MP: 3/3
   430 | D:1      | Reached * piety under Lugonu
   632 | D:1      | Reached XP level 3. HP: 26/31 MP: 4/4
  1521 | D:2      | Reached ** piety under Lugonu
  1860 | D:2      | Reached XP level 4. HP: 39/39 MP: 5/5
  2029 | D:2      | Found a blossoming altar of Fedhas.
  2030 | D:2      | Found a sparkling altar of Nemelex Xobeh.
  2112 | D:2      | Found a sacrificial altar of Ru.
  2121 | D:2      | Found an opulent altar of Gozag.
  2209 | D:3      | Noticed Plasmo's ghost (amateur OpFE)
  2241 | D:3      | Killed Plasmo's ghost
  2241 | D:3      | Reached skill level 1 in Dodging
  2241 | D:3      | Reached XP level 5. HP: 37/46 MP: 5/7
  2411 | D:3      | Found a white marble altar of Elyvilon.
  2725 | D:3      | Found a shadowy altar of Dithmenos.
  2747 | D:3      | Reached *** piety under Lugonu
  2867 | D:3      | Reached XP level 6. HP: 48/52 MP: 8/8
  3242 | D:3      | Found a faded altar of an unknown god.
  4017 | D:3      | Found a runed door.
  4101 | D:3      | Noticed Crazy Yiuf
  4106 | D:3      | Killed Crazy Yiuf
  4242 | D:4      | Found Veheotuf's Gadget Emporium.
  4252 | D:4      | Noticed makkenr95's ghost (amateur MiFi)
  4272 | D:4      | Slain by makkenr95's ghost

Skill      XL: |  1  2  3  4  5  6 |
---------------+-------------------+-----
Armour         | 2 3 |  3.2
Axes           | 2 3 4 |  4.0
Dodging        | 1 |  1.3
Invocations    | 3 |  3.3
Fighting       | 4 |  4.1

Action                   |  1- 3 |  4- 6 || total
-------------------------+-------+-------++-------
Melee: Hand axe          |    70 |       ||    70
       Kick              |    28 |    30 ||    58
       Broad axe         |    68 |   143 ||   211
Invok: Depart the Abyss  |     1 |       ||     1
  Use: Scroll            |     5 |     5 ||    10
       Potion            |       |     3 ||     3
 Stab: Invisible         |       |     2 ||     2
  Eat: Chunk             |     2 |     6 ||     8
Armor: Ring mail         |    98 |    90 ||   188
       Leather armour    |     3 |       ||     3
Dodge: Dodged            |    83 |    91 ||   174
